 Dungeon Crawl Stone Soup version 0.20.0-15-g7f486f2 (webtiles) character file.

107 viledemon the Skirmisher (level 4, -2/52 HPs)
             Began as a Demonspawn Abyssal Knight on June 11, 2017.
             Was a Believer of Lugonu.
             Killed by divine providence
             ... invoked by an orc priest
              (11 damage)
             ... on level 3 of the Dungeon.
             The game lasted 00:14:41 (3108 turns).

viledemon the Skirmisher (DsAK)                     Turns: 3108, Time: 00:14:42

Health: -2/52      AC: 26    Str: 11 (12) XL:     4   Next: 57%
Magic:  5/5        EV:  2    Int: 14      God:    Lugonu [**....]
Gold:   60         SH:  0    Dex: 10 (13) Spells: 3/3 levels left

rFire    . . .     SeeInvis .     - Unarmed
rCold    . . .     Gourm    .   (no shield)
rNeg     + + +     Faith    +   (armour currently unavailable)
rPois    +         Spirit   .   (helmet currently unavailable)
rElec    .         Reflect  .   (cloak currently unavailable)
rCorr    .         Harm     .   (gloves currently unavailable)
MR       .....     NoTele   +   (boots currently unavailable)
Stlth    +.........             c - amulet of faith
Regen    0.2/turn               f - +4 ring of protection
MPRegen  0.1/turn               (no ring)

@: tree-form
A: repulsion field 1
a: Depart the Abyss, Bend Space, Renounce Religion


You were on level 3 of the Dungeon.
You worshipped Lugonu.
Lugonu was pleased with you.
You were not hungry.
You were a tree.
You visited 1 branch of the dungeon, and saw 3 of its levels.
You visited the Abyss 1 time.

You collected 60 gold pieces.

Inventory:

Hand Weapons
 i - a +0 hunting sling
 q - a +1 dagger of speed
Missiles
 j - 46 stones (quivered)
Armour
 a - a +0 leather armour (melded)
 e - a +2 pair of gloves (melded)
 k - a +0 hat
Jewellery
 c - an amulet of faith (around neck)
 f - a +4 ring of protection (left branch)
 h - an uncursed ring of teleportation
Scrolls
 d - 2 scrolls of identify
 g - a scroll of fear
 o - a scroll of fog {unknown}
 r - a scroll of enchant weapon {unknown}
 s - a scroll of random uselessness {unknown}
Potions
 n - 2 potions of degeneration
Comestibles
 b - a bread ration
 m - 3 chunks of flesh
 p - 4 fruits


   Skills:
 + Level 3.5 Fighting
 + Level 0.1 Throwing
 + Level 2.2 Armour
 + Level 2.0 Dodging
 * Level 3.1 Unarmed Combat
 + Level 2.4 Invocations


You had 3 spell levels left.
You didn't know any spells.

Dungeon Overview and Level Annotations

Branches:
Dungeon (3/15)

Altars:


Innate Abilities, Weirdness & Mutations

((You have a pair of small horns on your head.))
You are surrounded by a mild repulsion field. (EV +2)
((Your flesh is cold resistant. (rC+)))


Message History

You throw a stone. The stone barely misses the orc priest.
An orc comes into view. It is wielding a war axe.
Okay, then.
Things that are here:
a stone; a club The orc priest calls down the wrath of Beogh upon you.
Beogh smites you!
The orc priest mumbles some strange prayers to Beogh against you.
Beogh smites you!
* * * LOW HITPOINT WARNING * * *
It was a potion of lignification.
You turn into a tree.
Your +2 pair of gloves melds into your body.
Your +0 leather armour melds into your body.
Your roots penetrate the ground.
You cannot move.
You cannot move.
You cannot move.
The orc priest invokes the aid of Beogh against you.
Beogh smites you!
You die...

........###########........#
......### ##........#
####.## #.........# # #..#
#.####.#### ## ##.># #.# .#
.# #.# ##.# .# .## .# ##..#
<.# .# #..## #....... #♣##
.###### #.# .. # #(# # ..# .
#. ##(# .# ... o$#.##((# #.#
# .J.. #..#o## #..#.. ....
..(# #...... ##o##.r..#
#(.<.#


You could see an orc priest and an orc.

Vanquished Creatures
  5 adders
  A worm (D:3)
  A dart slug (D:2)
  2 leopard geckos
  An orc (D:3)
  2 giant cockroaches
  7 hobgoblins
  4 jackals (D:2)
  A quokka (D:2)
  14 bats
  A frilled lizard (D:2)
  3 goblins
  6 kobolds (D:2)
  7 rats
55 creatures vanquished.

Vanquished Creatures (others)
  5 toadstools (D:1)
5 creatures vanquished.

Grand Total: 60 creatures vanquished

Notes
Turn   | Place    | Note
-------+----------+-------------------------------------------
     0 | Abyss:1  | viledemon the Demonspawn Abyssal Knight began the quest for the Orb.
     0 | Abyss:1  | Reached XP level 1. HP: 18/18 MP: 2/2
    63 | Abyss:1  | Noticed an orange demon
    68 | D:1      | Escaped the Abyss
   333 | D:1      | Reached * piety under Lugonu
   334 | D:1      | Reached skill level 1 in Dodging
   550 | D:1      | Gained mutation: You are surrounded by a mild repulsion field. (EV +2) [demonic ancestry]
   550 | D:1      | Reached XP level 2. HP: 10/24 MP: 3/3
  1390 | D:2      | Gained mutation: Your flesh is cold resistant. (rC+) [demonic ancestry]
  1390 | D:2      | Reached XP level 3. HP: 10/29 MP: 4/4
  2156 | D:2      | Gained mutation: You have a pair of small horns on your head. [demonic ancestry]
  2156 | D:2      | Reached XP level 4. HP: 16/35 MP: 5/5
  2170 | D:2      | Reached ** piety under Lugonu
  3108 | D:3      | Killed from afar by an orc priest

Skill      XL: |  1  2  3  4 |
---------------+-------------+-----
Dodging        | 1 2 |  2.0
Armour         | 2 |  2.2
Unarmed Combat | 2 3 |  3.1
Fighting       | |  3.5
Throwing       | |  0.1
Invocations    | |  2.4

Action                   |  1- 3 |  4- 6 || total
-------------------------+-------+-------++-------
Melee: Unarmed           |   250 |    74 ||   324
       Headbutt          |       |    10 ||    10
       Punch             |       |     1 ||     1
Throw: Stone             |    30 |    16 ||    46
Invok: Depart the Abyss  |     1 |       ||     1
  Use: Potion            |     2 |     1 ||     3
       Scroll            |     3 |     2 ||     5
  Eat: Chunk             |     4 |     3 ||     7
Armor: Leather armour    |   121 |    29 ||   150
Dodge: Dodged            |   203 |    47 ||   250
